 Dungeon Crawl Stone Soup version 0.23.2 (webtiles) character file.

Game seed: 16109251941497125525

40 Fang the Skirmisher (level 3, -14/36 HPs)
             Began as a Gargoyle Berserker on Apr 4, 2019.
             Was a Follower of Trog.
             Blown up by Ijyb (22 damage)
             ... with a wand of disintegration (10)
             ... on level 2 of the Dungeon.
             The game lasted 00:01:30 (818 turns).

Fang the Skirmisher (Gargoyle Berserker)             Turns: 818, Time: 00:01:31

Health: -14/36     AC:  5    Str: 26    XL:     3   Next: 50%
Magic:  3/3        EV: 12    Int:  7    God:    Trog [*.....]
Gold:   102        SH:  0    Dex:  9    Spells: 2/2 levels left

rFire    . . .     SeeInvis .   a - +0 hand axe
rCold    . . .     Gourm    .   (no shield)
rNeg     + . .     Faith    .   b - +0 animal skin
rPois    ∞         Spirit   .   (no helmet)
rElec    +         Reflect  .   (no cloak)
rCorr    .         Harm     .   (no gloves)
MR       .....                  (no boots)
Stlth    ..........             (no amulet)
HPRegen  0.12/turn              (no ring)
MPRegen  0.08/turn              (no ring)

@: berserking (expiring), very quick
A: negative energy resistance 1, electricity resistance, unbreathing,
petrification resistance, rot immunity, AC +3
a: Berserk, Renounce Religion


You were on level 2 of the Dungeon.
You worshipped Trog.
Trog was aware of your devotion.
You were hungry.

You visited 1 branch of the dungeon, and saw 2 of its levels.

You collected 102 gold pieces.

Inventory:

Hand Weapons
 a - a +0 hand axe (weapon)
Armour
 b - a +0 animal skin (worn)
Scrolls
 e - 2 scrolls of remove curse {unknown}
 f - 2 scrolls of teleportation {unknown}
 g - 2 scrolls of blinking {unknown}
 h - a scroll of noise {unknown}
Potions
 i - a potion of flight {unknown}
Comestibles
 c - 2 rations
 d - 9 chunks of flesh


   Skills:
 + Level 3.7 Fighting
 + Level 3.0 Axes
 + Level 2.8 Armour
 + Level 2.1 Dodging


You had 2 spell levels left.
You didn't know any spells.
Your spell library was empty.

Dungeon Overview and Level Annotations

Branches:
Dungeon (2/15)

Altars:
Ashenzari

Annotations:
D:2 Ijyb


Innate Abilities, Weirdness & Mutations

You are resistant to torment.
Your stone body is resilient. (AC +3)
You are immune to poison.
You resist negative energy. (rN+)
You are resistant to electric shocks. (rElec)
You can survive without breathing.
You are immune to petrification.
You are immune to rotting.


Message History

Trog accepts your kill.
You barely miss the goblin. The goblin hits you.
* * * LOW HITPOINT WARNING * * *
Ijyb hits you but does no damage.
You hit Ijyb but do no damage.
Ijyb is lightly wounded.
You hit the goblin.
You kill the goblin!
Trog accepts your kill. Ijyb closely misses you.
You barely miss Ijyb.
Ijyb is lightly wounded.
You closely miss the goblin.
The goblin hits you with a +2 dagger of speed.
* * * LOW HITPOINT WARNING * * *
You slash Ijyb!
Ijyb is moderately wounded.
You closely miss the goblin.
Ijyb zaps a wand.
You are blasted!
Ouch! That really hurt!
You die...

######.....#.#.#.#....)÷
.....#.....#.#.#.###.#.#
...#.#.......#.#.# #.#.#
...............#.###.#.#
#...>...|...........#..
##.......#####.#######
####....................
........)........######.
###...g@................
#...gg################
#....g8 +.........
###........ #.........
#.......... ............


You could see Ijyb and 3 goblins.

Vanquished Creatures
  A dart slug (D:1)
  2 leopard geckos
  3 giant cockroaches
  5 hobgoblins
  A kobold (D:2)
  A ball python (D:1)
  3 bats (D:1)
  3 frilled lizards
  10 goblins
  4 rats
33 creatures vanquished.

Notes
Turn   | Place    | Note
-------+----------+-------------------------------------------
     0 | D:1      | Fang the Gargoyle Berserker began the quest for the Orb.
     0 | D:1      | Reached XP level 1. HP: 14/14 MP: 1/1
   239 | D:1      | Reached XP level 2. HP: 13/19 MP: 2/2
   428 | D:1      | Reached XP level 3. HP: 20/23 MP: 3/3
   732 | D:2      | Found a shattered altar of Ashenzari.
   736 | D:2      | Saw a vision of the Shoals and the Snake Pit.
   736 | D:2      | Noticed a naga
   736 | D:2      | Noticed a black mamba
   736 | D:2      | Noticed a salamander
   736 | D:2      | Noticed a merfolk
   736 | D:2      | Noticed a merfolk
   736 | D:2      | Noticed a hippogriff
   736 | D:2      | Noticed a merfolk siren
   736 | D:2      | Noticed a sea snake
   736 | D:2      | Noticed a black mamba
   736 | D:2      | Noticed a centaur
   736 | D:2      | Noticed a centaur
   737 | D:2      | Noticed a black mamba
   737 | D:2      | Noticed a naga
   737 | D:2      | Noticed a black mamba
   810 | D:2      | Noticed Ijyb
   818 | D:2      | Blown up by Ijyb

Skill      XL: |  1  2 |
---------------+-------+-----
Axes           | 3 |  3.0
Dodging        | 2 |  2.1
Fighting       | |  3.7
Armour         | |  2.8

Action                   || total
-------------------------++-------
Melee: Hand axe          ||    99
Invok: Berserk           ||     1
Armor: Animal skin       ||    39
Dodge: Dodged            ||    62
